 Dungeon Crawl Stone Soup version 0.17-a0-1647-gb11a595 (webtiles) character file.

74 Chiseanne the Skirmisher (level 4, 32/37 HPs)
             Began as a Demonspawn Wanderer on Aug 12, 2015.
             Quit the game on level 2 of the Dungeon.
             The game lasted 00:02:57 (1560 turns).

Chiseanne the Skirmisher (Demonspawn Wanderer)      Turns: 1560, Time: 00:02:57

Health: 32/37      AC:  6    Str: 10    XL:     4   Next: 9%
Magic:  4/4        EV: 11    Int: 14    God:
Gold:   86         SH:  0    Dex: 17    Spells: 0 memorised, 3 levels left

rFire  . . .     SeeInvis .     c - +0 quarterstaff
rCold  . . .     Clarity  .     j - +0 ring mail
rNeg   . . .     SustAt   .     (no shield)
rPois  .         Gourm    .     (helmet restricted)
rElec  .         Spirit   .     (no cloak)
rCorr  .         Warding  .     (no gloves)
rMut   .         Stasis   .     k - +0 pair of boots
MR     .....                    (no amulet)
Stlth  +.........               (no ring)
                                (no ring)

@: not resistant to hostile enchantments, very unstealthy
A: antennae 1, thin skeletal structure 1
a: no special abilities


You were on level 2 of the Dungeon.
You were very hungry.

You visited 1 branch of the dungeon, and saw 2 of its levels.

You collected 86 gold pieces.

Inventory:

Hand weapons
 c - a +0 quarterstaff (weapon)
Missiles
 m - 20 sling bullets
 o - 32 bolts
Armour
 j - a +0 ring mail (worn)
 k - a +0 pair of boots (worn)
Magical staves
 h - an uncursed staff of power
Scrolls
 b - 2 scrolls of fear
 g - 3 scrolls of identify
 l - a scroll of remove curse
 p - a scroll of enchant weapon {unknown}
Potions
 a - a potion of haste
 d - a potion of lignification
 e - a potion of invisibility {unknown}
Comestibles
 f - a bread ration
 i - a royal jelly
 n - a meat ration


   Skills:
 * Level 4.0 Fighting
 - Level 1.0 Throwing
 - Level 1.7 Armour
 * Level 2.7 Dodging
 - Level 1.7 Unarmed Combat
   Level 1.0 Evocations


You had 3 spell levels left.
You didn't know any spells.

Dungeon Overview and Level Annotations

Branches:
Dungeon (2/15)

Altars:


Innate Abilities, Weirdness & Mutations

You have a pair of small antennae on your head.
You have a somewhat thin skeletal structure (Dex +2, Stealth).


Message History

The kobold misses you. The adder bites you.
You barely miss the adder. The kobold hits you but does no damage.
The kobold hits you but does no damage. The adder barely misses you.
The kobold closely misses you.
You completely miss the adder. The adder closely misses you.
The kobold barely misses you. The adder barely misses you.
The kobold barely misses you. x2
You thump the adder!
The adder is severely wounded.
The adder bites you. The kobold closely misses you.
The kobold hits you but does no damage. The adder barely misses you.
You hit the adder.
You kill the adder!
Your Fighting skill increases to level 4!
You have reached level 4!
You feel clever.
Your demonic ancestry asserts itself...
A pair of antennae grows on your head! The kobold hits you but does no damage.
The kobold misses you. The kobold closely misses you.
Are you sure you want to abandon this character and quit the game? (Confirm with "yes".)

#..........#..........#
#######.##............#
###................
#....#.#..........
####.#....# .........##
. .......$.# ##...
#.........####.....#
########.#.(@K.#
#.....K†.....#
#....######### #....#
#....# #....# ######


You could see 2 kobolds.

Vanquished Creatures
  2 adders (D:2)
  An ooze (D:2)
  2 worms (D:2)
  6 bats
  2 giant cockroaches
  7 goblins
  8 hobgoblins
  A quokka (D:2)
  3 giant newts
  6 kobolds
  8 rats
46 creatures vanquished.

Notes
Turn   | Place    | Note
--------------------------------------------------------------
     0 | D:1      | Chiseanne the Demonspawn Wanderer began the quest for the Orb.
     0 | D:1      | Chiseanne set off with: a potion of haste, a scroll of fear, a +0 quarterstaff, a potion of lignification, a +0 robe, a bread ration
     0 | D:1      | Reached XP level 1. HP: 18/18 MP: 1/1
   103 | D:1      | Gained mutation: You have a somewhat thin skeletal structure (Dex +2, Stealth). [demonic ancestry]
   103 | D:1      | Reached XP level 2. HP: 21/24 MP: 2/2
   565 | D:2      | Reached XP level 3. HP: 24/29 MP: 3/3
  1559 | D:2      | Reached skill level 4 in Fighting
  1559 | D:2      | Gained mutation: You have a pair of small antennae on your head. [demonic ancestry]
  1559 | D:2      | Reached XP level 4. HP: 32/37 MP: 4/4
  1560 | D:2      | Quit the game

Vault maps used:
D:1:      mrwooster_arrival_statue_3
D:2:      st_stairs_8

Action                   |  1- 3 |  4- 6 || total
-------------------------+-------+-------++-------
Melee: Quarterstaff      |   161 |       ||   161
  Use: Scroll            |     4 |       ||     4
 Stab: Sleeping          |     1 |       ||     1
  Eat: Chunk             |     1 |       ||     1
